 Dungeon Crawl Stone Soup version 0.28-a0-1510-gd0f6b136d3 (webtiles) character file.

Game seed: 10704803861235275982

1849 murtidash the Cleaver (level 9, -6/84 HPs)
             Began as a Hill Orc Delver on Jan 16, 2022.
             Mangled by an orc warrior (14 damage)
             ... in a bailey.
             The game lasted 00:14:37 (8206 turns).

murtidash the Cleaver (Hill Orc Delver)             Turns: 8206, Time: 00:14:38

Health: -6/84      AC: 16    Str: 19    XL:     9   Next: 12%
Magic:  18/18      EV:  8    Int: 10    God:
Gold:   318        SH:  0    Dex: 15    Spells: 8/8 levels left

rFire   + . .      SeeInvis .   a - +0 hand axe
rCold   + . .      Faith    .   (no shield)
rNeg    . . .      Spirit   .   f - +0 chain mail {rPois}
rPois   +          Reflect  .   (no helmet)
rElec   .          Harm     .   e - +0 cloak of Vipaxuhim {rPois rF+ rC+ rCorr Dex+3}
rCorr   +          Rampage  .   (no gloves)
Will    .....                   v - +0 pair of boots
Stlth   ..........              s - amulet of the acrobat
HPRegen 0.24/turn               k - ring of magical power {MP+9}
MPRegen 0.16/turn               x - +4 ring of protection

@: confused, ambrosia-drunk, on berserk cooldown, flying, slowed, very slow
A: no striking features
a: no special abilities


You were in a bailey.
You visited 1 branch of the dungeon, and saw 7 of its levels.
You also visited: Bailey.

You collected 318 gold pieces.

Inventory:

Hand Weapons
 a - a +0 hand axe (weapon)
 i - a +2 vampiric dagger
   (You took it off a goblin on level 4 of the Dungeon)
Missiles
 K - 18 boomerangs
Armour
 b - a +0 leather armour
 e - the +0 cloak of Vipaxuhim (worn) {rPois rF+ rC+ rCorr Dex+3}
   (You found it on level 2 of the Dungeon)

   Dex:       It affects your dexterity (+3).
   rF:        It protects you from fire.
   rC:        It protects you from cold.
   rPois:     It protects you from poison.
   rCorr:     It protects you from acid and corrosion.
 f - a +0 chain mail of poison resistance (worn)
   (You took it off Edmund on level 3 of the Dungeon)
 j - a +0 leather armour of poison resistance
   (You found it on level 4 of the Dungeon)
 v - a +0 pair of boots (worn)
   (You found it on level 3 of the Dungeon)
 H - a +0 buckler
   (You found it on level 6 of the Dungeon)
Jewellery
 k - a ring of magical power (left hand) {MP+9}
   (You found it on level 2 of the Dungeon)
 s - an amulet of the acrobat (around neck)
   (You found it on level 2 of the Dungeon)
 x - a +4 ring of protection (right hand)
   (You found it on level 4 of the Dungeon)
 y - a ring of see invisible {sInv, !d}
   (You found it on level 4 of the Dungeon)
Wands
 g - a wand of digging (8)
 G - a wand of polymorph (4)
   (You found it on level 6 of the Dungeon)
 J - a wand of paralysis (3)
   (You found it on level 6 of the Dungeon)
Scrolls
 c - 3 scrolls of fog
 d - 2 scrolls of magic mapping {!r}
 m - 2 scrolls of fear
 o - 2 scrolls of amnesia {unknown}
 p - 8 scrolls of identify {unknown}
 q - 2 scrolls of enchant armour {unknown}
 r - a scroll of blinking {unknown}
 u - a scroll of immolation {unknown}
 w - a scroll of noise {unknown}
 z - a scroll of brand weapon {unknown}
 C - a scroll of holy word {unknown}
 E - a scroll of vulnerability {unknown}
Potions
 h - a potion of degeneration {unknown}
 l - a potion of magic {unknown}
 n - a potion of lignification {unknown}
 t - a potion of ambrosia
 A - a potion of curing {unknown}
 D - a potion of flight
 F - a potion of resistance
 I - a potion of mutation {unknown}


   Skills:
 + Level 9.5 Fighting
 + Level 9.9 Axes
 + Level 5.3 Armour
 - Level 1.5 Dodging
 - Level 4.1 Stealth


You had 8 spell levels left.
You didn't know any spells.
Your spell library contained the following spells:

 Spells                   Type           Power      Damage    Failure   Level
 Apportation              Tloc           0%         N/A       98%         1
 Sublimation of Blood     Necr           0%         N/A       99%         2
 Conjure Flame            Conj/Fire      0%         6-21      100%        3
 Dazzling Flash           Conj/Hex       0%         N/A       100%        3
 Ignite Poison            Fire/Tmut/Pois 0%         N/A       100%        3
 Iskenderun's Mystic Bla  Conj/Tloc      0%         2d3       100%        4
 Petrify                  Tmut/Erth      0%         N/A       100%        4
 Sticky Flame             Conj/Fire      0%         2d3       100%        4
 Irradiate                Conj/Tmut      0%         3d13      100%        5
 Starburst                Conj/Fire      0%         6d3       100%        6


Dungeon Overview and Level Annotations

Branches:
Dungeon (7/15)             Temple (0/1) D:7          Bailey (1/1)

Altars:
Fedhas
Makhleb
Qazlal
Ru
Trog
Wu Jian

Shops:
D:4 *


Message History

Unknown command.
Okay, then.
Unknown command.
There is an open door here.
The orc knight no longer looks unusually strong.
There is an open gate here.
Okay, then.
Unknown command.
Unknown command.
It was a potion of flight.
You feel very buoyant.
You fly up into the air.
It was a potion of berserk rage.
A red film seems to cover your vision as you go berserk!
You feel yourself moving faster!
You feel mighty! The goblin barely misses you.
You now have 115/115 hp.
You completely miss the goblin.
The orc knight no longer looks unusually strong.
You slash the orc knight! You slash the orc knight!
You closely miss the orc knight.
The orc knight hits you with a +0 war axe!
You take 17 damage, and have 98/115 hp.
You miss the orc knight. You barely miss the orc knight. You hit the goblin.
The orc knight hits you with a +0 war axe!
You take 17 damage, and have 81/115 hp.
You hit the orc knight. You barely miss the goblin.
The goblin hits you but does no damage.
The orc knight hits you but does no damage.
You hit the orc knight. You slash the goblin!
You kill the goblin!
You closely miss the orc knight. You hit the orc knight.
The orc knight hits you but does no damage.
You hit the orc knight. You slash the orc knight!
The orc knight roars a battlecry!
The orc knight goes into a battle-frenzy!
You hit the orc knight. You barely miss the orc knight.
The orc knight hits you with a +0 war axe!!
The orc knight closely misses you.
You take 35 damage, and have 47/115 hp.
MASSIVE DAMAGE!!
You miss the orc knight. You slash the orc knight!
You are too berserk!
You barely miss the orc knight.
You hit the orc knight but do no damage.
The orc knight barely misses you. x2
An orc warrior comes into view. It is wielding a +0 broad axe.
The orc knight completely misses you. The kobold completely misses you.
You slash the orc knight! You slash the kobold!
You kill the kobold!
You closely miss the orc knight.
The orc knight hits you with a +0 war axe!
You take 11 damage, and have 36/115 hp.
You slash the orc knight! You hit the orc knight.
The orc knight hits you with a +0 war axe!
* * * LOW HITPOINT WARNING * * *
You take 7 damage, and have 29/115 hp.
You hit the orc knight. Your punch misses the orc knight.
You closely miss the orc knight. The orc knight closely misses you.
You slash the orc knight! You hit the orc knight.
The orc knight closely misses you. The orc knight barely misses you.
You hit the orc knight.
You kill the orc knight!
You hit the orc knight.
Your Fighting skill increases to level 9!
Your Armour skill increases to level 5!
You have reached level 9!
Your experience leads to an increase in your attributes!
Your base attributes are Str 17, Int 10, Dex 12.
Increase (s)trength, (i)ntelligence, or (d)exterity?
You feel stronger. x2
You regained 3 hp, and now have 32/126 hp.
MP restored: 18 You slash the orc knight!
The orc knight hits you with a +0 war axe!
* * * LOW HITPOINT WARNING * * *
You take 17 damage, and have 15/126 hp.
You hit the orc knight.
You are no longer berserk.
You are exhausted.
You feel yourself slow down.
You now have 10/84 hp.
You are confused.
You feel invigorated.
The orc knight hits you but does no damage.
The orc knight roars a battlecry!
The orc warrior goes into a battle-frenzy!
You regained 6 hp, and now have 16/84 hp.
You regained 7 hp, and now have 23/84 hp.
The orc knight hits you with a +0 war axe!
* * * LOW HITPOINT WARNING * * *
You take 9 damage, and have 14/84 hp.
You hit the orc warrior.
You hit the orc knight but do no damage.
The orc warrior hits you with a +0 broad axe.
* * * LOW HITPOINT WARNING * * *
The orc knight hits you with a +0 war axe!
* * * LOW HITPOINT WARNING * * *
The orc warrior hits you with a +0 broad axe!
You die...

♣♣♣♣♣ ♣♣♣♣♣♣♣♣♣.∩.♣♣♣♣♣♣♣
≈≈≈≈≈≈.........≈≈≈
≈≈≈≈≈≈....∩....≈≈≈
#####...)@....#####
##...##.†.oo..##...##
##.....##)†...##.....##
#...8...##())##...8...##
.......).†.............##
..........†.............#
.8..8.............8..8..#
........................#
......####...####......##


You could see an orc knight and an orc warrior (strong).

Vanquished Creatures
  An orc knight (Bailey)
  Edmund (D:3)
  An orc warrior (Bailey)
  A black bear (D:6)
  A necrophage (D:6)
  A phantom (D:5)
  A wyvern zombie (D:5)
  A scorpion (D:3)
  A water moccasin zombie (D:5)
  A water moccasin skeleton (D:4)
  3 wights (D:5)
  5 hounds
  An orc priest (D:3)
  A bullfrog skeleton (D:5)
  A centaur skeleton (D:5)
  3 jellies
  An iguana (D:4)
  Natasha (thrice) (D:3)
  A killer bee zombie (D:6)
  6 adders
  A shadow imp (D:6)
  A worm (D:2)
  3 dart slugs
  7 orcs
  9 ball pythons
  2 bats
  5 endoplasms
  2 giant cockroaches
  11 goblins
  11 hobgoblins
  2 quokkas (D:1)
  3 frilled lizards
  13 kobolds
  6 rats
111 creatures vanquished.

Vanquished Creatures (others)
  8 plants (D:3)
8 creatures vanquished.

Grand Total: 119 creatures vanquished

Notes
Turn   | Place    | Note
-------+----------+-------------------------------------------
     0 | D:5      | murtidash the Hill Orc Delver began the quest for the Orb.
     0 | D:5      | Reached XP level 1. HP: 19/19 MP: 1/1
     6 | D:5      | Noticed a water moccasin zombie
    13 | D:5      | Noticed a jelly
    17 | D:4      | Found Ecamp's Elemental Accessories.
    43 | D:4      | Noticed a jelly
    69 | D:4      | Noticed an iguana
   341 | D:2      | Reached skill level 3 in Axes
   352 | D:2      | HP: 4/20 [adder (4)]
   374 | D:2      | Identified the +0 cloak of Vipaxuhim {rPois rF+ rC+ rCorr
                  | Dex+3}
   822 | D:2      | Reached skill level 4 in Fighting
   822 | D:2      | Reached XP level 2. HP: 27/27 MP: 2/2
  1385 | D:1      | Reached XP level 3. HP: 34/34 MP: 3/3
  1630 | D:1      | Found a faded altar of an unknown god.
  1637 | D:1      | Got Plato's Handbook of the Compass
  1797 | D:1      | Reached skill level 4 in Axes
  2843 | D:2      | Reached XP level 4. HP: 41/41 MP: 4/4
  2940 | D:3      | Noticed Natasha
  3367 | D:3      | Reached skill level 5 in Fighting
  3456 | D:3      | Killed Natasha
  3457 | D:3      | Reached skill level 5 in Axes
  3457 | D:3      | Reached XP level 5. HP: 18/48 MP: 5/5
  3766 | D:3      | Noticed Natasha
  3790 | D:3      | Killed Natasha
  3894 | D:3      | Noticed Natasha
  3906 | D:3      | Killed Natasha
  3907 | D:3      | Reached skill level 6 in Fighting
  3907 | D:3      | Reached XP level 6. HP: 16/57 MP: 6/6
  4162 | D:3      | Reached skill level 6 in Axes
  4236 | D:3      | Found a blossoming altar of Fedhas.
  4503 | D:4      | Found a stormy altar of Qazlal.
  4526 | D:4      | Found an ornate altar of the Wu Jian Council.
  4590 | D:4      | Noticed Edmund
  5215 | D:3      | HP: 10/58 [Edmund (6)]
  5234 | D:3      | Killed Edmund
  5235 | D:3      | Reached skill level 7 in Fighting
  5235 | D:3      | Reached skill level 7 in Axes
  5235 | D:3      | Reached XP level 7. HP: 42/66 MP: 7/7
  5648 | D:5      | Reached skill level 1 in Armour
  6008 | D:5      | Reached skill level 2 in Armour
  6208 | D:5      | Reached skill level 8 in Axes
  6403 | D:5      | Reached skill level 8 in Fighting
  6403 | D:5      | Reached XP level 8. HP: 65/74 MP: 8/8
  6531 | D:5      | Reached skill level 3 in Armour
  7206 | D:6      | Found a burning altar of Makhleb.
  7306 | D:6      | Reached skill level 9 in Axes
  7546 | D:6      | Reached skill level 4 in Armour
  7623 | D:6      | Found a sacrificial altar of Ru.
  7712 | D:6      | Found a bloodstained altar of Trog.
  8021 | D:7      | Found a flagged portal.
  8047 | Bailey   | Entered a bailey
  8097 | Bailey   | Noticed an orc warlord
  8162 | Bailey   | Noticed an orc knight
  8163 | Bailey   | Noticed an orc knight
  8200 | Bailey   | Killed an orc knight
  8201 | Bailey   | Reached skill level 9 in Fighting
  8201 | Bailey   | Reached skill level 5 in Armour
  8201 | Bailey   | Reached XP level 9. HP: 32/84 MP: 9/9
  8201 | Bailey   | HP: 15/126 [orc knight (17)]
  8206 | Bailey   | HP: 16/84 [orc warrior (4)]
  8206 | Bailey   | Mangled by an orc warrior

Illustrated notes

Levels and vault maps discovered:
D:1:      dpeg_arrival_windows_large_door, layout_loops_cross,
          shapermc_ecumenical_altar_rom_forum
D:2:      minmay_door_path, layout_loops_ring
D:3:      layout_loops_ring, mainiacjoe_overflow_boulevard, uniq_natasha
D:4:      layout_cave_pools, kennysheep_mini_moat,
          mainiacjoe_overflow_surrounded_room, nicolae_elemental_shop,
          minmay_misc_feat_four_crosses, lightli_corner_chamber, uniq_edmund
D:5:      layout_basic, serial_curves, eino_curves_04, eino_curves_01
D:6:      layout_basic, old_standard_altar, nicolae_ru_awakened_eye,
          lightli_temple_of_fire, minmay_misc_feat_ornament, chequers_jeans,
          minmay_misc_feat_rows, kennysheep_minor_cross,
          kennysheep_generic_room_11
D:7:      layout_rooms, minmay_temple_entry_tees, enter_bailey_4,
          nrook_pool_corridor, grunt_decor_mini_mirrors, minmay_misc_feat_x,
          chequers_serial_rivers_small_3, st_stairs_5, uniq_harold, uniq_joseph
Bailey:   bailey_axe_bossmonster_kennysheep, bailey

Skill      XL: |  1  2  3  4  5  6  7  8 |
---------------+-------------------------+-----
Axes           | 3 4 5 7 8 9 |  9.9
Fighting       | 4 5 6 7 8 9 |  9.5
Armour         | 2 5 |  5.3
Dodging        | |  1.5
Stealth        | |  4.1

Action                   |  1- 3 |  4- 6 |  7- 9 || total
-------------------------+-------+-------+-------++-------
Melee: Hand axe          |   124 |   192 |   270 ||   586
       Punch             |     1 |     4 |     7 ||    12
Evoke: Wand              |       |       |     2 ||     2
  Use: Scroll            |     1 |       |     1 ||     2
       Potion            |       |     4 |     3 ||     7
 Stab: Sleeping          |     7 |     5 |       ||    12
       Paralysed         |       |       |     4 ||     4
Armor: Leather armour    |    28 |    45 |       ||    73
       Chain mail        |       |       |   147 ||   147
Dodge: Dodged            |    67 |   119 |    92 ||   278

Table legend: (Time is in decaauts)
 A = Elapsed time spent in this place.
 B = Non-inter-level travel time spent in this place.
 C = Inter-level travel time spent in this place.
 D = Time resting spent in this place.
 E = Time spent auto-exploring this place.
 F = Levels seen in this place.
 G = Mean time per level.
                   A        B        C        D        E       F      G
               +--------+--------+--------+--------+--------+-----+--------+
         Total |   8175 |   7994 |    181 |    582 |   5900 |   8 | 1021.9 |
       Dungeon |   8029 |   7848 |    181 |    577 |   5896 |   7 | 1147.0 |
        Bailey |    145 |    145 |      0 |      5 |      4 |   1 |  145.0 |
               +--------+--------+--------+--------+--------+-----+--------+

Top non-repeatable levels by time:
     D:2: 1945 daAuts
     D:3: 1680 daAuts
     D:5: 1420 daAuts
     D:1: 1218 daAuts
     D:6: 943 daAuts
     D:4: 768 daAuts
  Bailey: 145 daAuts
     D:7: 52 daAuts

Table legend:
 A = Kills in this place as a percentage of kills in entire the game.
 B = Kills by you in this place as a percentage of kills by you in the entire game.
 C = Kills by friends in this place as a percentage of kills by friends in the entire game.
 D = Other kills in this place as a percentage of other kills in the entire game.
 E = Experience gained in this place as a percentage of experience gained in the entire game.
 F = Experience gained in this place divided by the number of levels of this place that you have seen.
                   A       B       C       D       E      F
               +-------+-------+-------+-------+-------+----------------------
         Total | 100.0 | 100.0 |   N/A |   N/A | 100.0 | 330.2
       Dungeon |  87.4 |  87.4 |   N/A |   N/A |  70.3 | 265.3
        Bailey |  12.6 |  12.6 |   N/A |   N/A |  29.7 | 785.0
               +-------+-------+-------+-------+-------+----------------------
